 Dungeon Crawl Stone Soup version 0.29-a0-892-g2c4c91d9db (webtiles) character file.

Game seed: 15535065021177492930

11227 Ge0ff the Impaler (level 11, -3/132 HPs)
             Began as a Palentonga Berserker on July 22, 2022.
             Was a High Priest of Trog.
             Slain by a death knight
             ... wielding a +4 battleaxe
              (8 damage)
             ... on level 9 of the Dungeon.
             The game lasted 00:31:31 (12089 turns).

Ge0ff the Impaler (Palentonga Berserker)           Turns: 12089, Time: 00:31:31

Health: -3/132     AC: 24    Str: 25    XL:     11   Next: 46%
Magic:  11/11      EV:  8    Int:  7    God:    Trog [*****.]
Gold:   550        SH:  0    Dex: 10    Spells: 10/10 levels left

rFire   + + .      SeeInvis +   a - +4 halberd
rCold   . . .      Faith    +   (shield currently unavailable)
rNeg    . . .      Spirit   .   B - +0 acid dragon scales
rPois   .          Reflect  .   P - +0 helmet
rElec   .          Harm     .   (no cloak)
rCorr   +          Rampage  .   (no gloves)
Will    ++...                   Z - +1 barding {rF+}
Stlth   ..........              L - amulet of faith
HPRegen 1.32/turn               x - ring of Syak {rF+ AC+4 Slay+3, =R}
MPRegen 0.12/turn               (no ring)

@: mighty, berserking, strong-willed, regenerating, curled up, very quick
A: large, rugged brown scales 3, see invisible, deformed body, roll 1, armoured
tail, reflexive curl
a: Rolling Charge, Renounce Religion, Berserk, Trog's Hand, Brothers in Arms


You were on level 9 of the Dungeon.
You worshipped Trog.
Trog was extremely pleased with you.
You visited 1 branch of the dungeon, and saw 10 of its levels.

You collected 550 gold pieces.

Inventory:

Hand Weapons
 a - a +4 halberd (weapon)
 b - a +3 trident of protection
 k - the +7 Singing Sword {vorpal, sonic wave}
   (You took it off a gnoll on level 4 of the Dungeon)

   It inflicts extra damage upon your enemies.
   It radiates damaging sonic waves as it strikes, especially in combat
   involving dangerous or numerous foes.
 w - a +1 dagger of draining
 z - a +0 spectral quarterstaff
 A - a -1 demon whip of venom
 G - a +0 glaive
Missiles
 g - 2 throwing nets {=F}
 u - 54 stones
 v - 2 javelins
 C - 18 poisoned darts
 F - a boomerang
Armour
 o - the +0 robe "Aponir" {Will++ Dex+5}
   (You found it on level 2 of the Dungeon)

   Dex:       It affects your dexterity (+5).
   Will:      It greatly increases your willpower.
 B - +0 acid dragon scales (worn)
 D - a +0 chain mail
 I - a +2 robe of positive energy
 K - a +0 buckler
 P - a +0 helmet (worn)
 Z - a +1 barding of fire resistance (worn)
Jewellery
 x - the ring of Syak (left hand) {rF+ AC+4 Slay+3, =R}
   (You found it on level 9 of the Dungeon)

   [ring of protection]

   AC:        It affects your AC (+4).
   Slay:      It affects your accuracy & damage with ranged weapons and melee
   (+3).
   rF:        It protects you from fire.
 J - a ring of fire
 L - an amulet of faith (around neck)
 O - an amulet of guardian spirit
Wands
 f - a wand of flame (13)
 j - a wand of light (6)
 r - a wand of roots (6)
Scrolls
 y - 4 scrolls of immolation
 E - a scroll of fear
 H - 2 scrolls of enchant armour
 Q - a scroll of enchant weapon
 R - 3 scrolls of amnesia {unknown}
 S - 2 scrolls of noise {unknown}
 T - 2 scrolls of teleportation
 U - 5 scrolls of vulnerability {unknown}
 V - 2 scrolls of blinking {unknown}
 Y - 2 scrolls of butterflies
Potions
 m - a potion of lignification {unknown}
 n - 3 potions of mutation {unknown}
 p - 4 potions of degeneration {unknown}
 q - 5 potions of curing
 M - 2 potions of might
 N - a potion of cancellation {!q}
 W - a potion of heal wounds {!q}
 X - 2 potions of flight


   Skills:
 + Level 6.9 Fighting
 + Level 15.2 Polearms
 - Level 1.0 Throwing
 - Level 3.0 Armour
 - Level 3.0 Dodging
 - Level 1.0 Evocations


You had 10 spell levels left.
You didn't know any spells.
Your spell library was empty.

Dungeon Overview and Level Annotations

Branches:
Dungeon (10/15) Zot: 25882  Temple (0/1) D:7            Lair (0/5) D:10
    Orc: D:9-12

Altars:
Dithmenos
Elyvilon
Fedhas
Gozag
Kikubaaqudgha
Sif Muna
Uskayaw
Wu Jian
Zin

Shops:
D:8 [


Innate Abilities, Weirdness & Mutations

You are completely covered in rugged brown scales. (AC +3, +7% HP)
You have supernaturally acute eyesight. (SInv)
Armour fits poorly on your strangely shaped body.
You can roll at nearby foes to attack.
You have a long armoured tail.
You curl defensively after being hit. (AC +7*)


Message History

Aim: a death knight, wielding a +4 battleaxe and wearing a +0 chain mail (reflecting injuries)
You roll forward with a clatter of scales!
You hit the death knight but do no damage.
The death knight barely misses you.
You puncture the death knight!
The death knight is lightly wounded.
The death knight reflects your damage back at you!
The death knight attacks as you move away!
The death knight hits you with a +4 battleaxe!
The death knight attacks as you move away!
The death knight hits you with a +4 battleaxe!!
There is a stone staircase leading up here.
The death knight hits you with a +4 battleaxe.
You climb upwards.
There is a stone staircase leading down here.
You feel very mighty all of a sudden.
The death knight's dark mirror aura disappears.
The death knight hits you with a +4 battleaxe!!
The death knight attacks as you move away!
The death knight hits you with a +4 battleaxe!!
* * * LOW HITPOINT WARNING * * *
Okay, then.
Really quaff
W - 3 potions of heal wounds {!q}?
You feel much better.
The death knight hits you with a +4 battleaxe!!
* * * LOW HITPOINT WARNING * * *
Really quaff
W - 2 potions of heal wounds {!q}?
You feel much better.
The death knight hits you with a +4 battleaxe!
Use which ability? (? or * to list)
A red film seems to cover your vision as you go berserk!
You feel yourself moving faster!
You feel mighty!
The death knight hits you with a +4 battleaxe!
* * * LOW HITPOINT WARNING * * *
You impale the death knight!!
The death knight is heavily wounded.
The death knight hits you with a +4 battleaxe!
* * * LOW HITPOINT WARNING * * *
You puncture the death knight!
The death knight is severely wounded.
You slash the death knight!
The death knight is severely wounded.
The death knight hits you with a +4 battleaxe!
* * * LOW HITPOINT WARNING * * *
You barely miss the death knight.
The death knight is severely wounded.
You puncture the death knight!
The death knight is almost dead.
The death knight hits you with a +4 battleaxe!
You die...

##### ####....
###################....#..
#..[..<......)......####..
#.################### #.. #.##
#######.. #..#######
######....##..
#########.......####........###..
#...##...######.@p#..####.### #..
..........................# ###..
.....................###### #....
.......<...........### ##....
...................## ##..#.#
....................# ##...#.#
#...##...#..........### ##..).#.#
######.############...###....##.#
#.## ###...........###..#


You could see a death knight.

Vanquished Creatures
  Amaemon (D:8)
  Pikel (D:7)
  A manticore (D:9)
  Maggie (D:8)
  An orange demon (D:8)
  Psyche (D:8)
  2 trolls (D:9)
  A hornet (D:7)
  A wraith (D:9)
  A shadow (D:10)
  18 yaks
  2 wyverns (D:10)
  A steam dragon (D:9)
  A basilisk (D:10)
  Menkaure (D:6)
  Edmund (D:5)
  7 water moccasins
  3 orc warriors
  2 ice beasts
  3 ogres
  2 black bears (D:6)
  A lemure (D:7)
  2 kobold brigands
  5 bullfrogs
  2 gnoll sergeants
  2 necrophages
  4 scorpions
  11 wights
  9 killer bees
  3 howler monkeys
  2 jellies
  3 gnoll boudas
  5 orc priests
  A hound (D:5)
  5 iguanas
  12 orc wizards
  25 gnolls
  14 adders
  A white imp (D:4)
  2 ufetubi
  2 worms
  2 dart slugs
  34 orcs
  10 ball pythons
  8 bats
  6 endoplasms
  A giant cockroach (D:1)
  8 goblins
  3 hobgoblins
  3 quokkas
  3 frilled lizards (D:3)
  11 kobolds
  8 rats
260 creatures vanquished.

Vanquished Creatures (others)
  19 fungi (D:4)
  7 plants (D:10)
26 creatures vanquished.

Grand Total: 286 creatures vanquished

Notes
Turn   | Place    | Note
-------+----------+-------------------------------------------
     0 | D:1      | Ge0ff the Palentonga Berserker began the quest for the Orb.
     0 | D:1      | Reached XP level 1. HP: 19/19 MP: 1/1
    67 | D:1      | Reached skill level 3 in Polearms
   196 | D:1      | Reached XP level 2. HP: 25/25 MP: 2/2
   850 | D:1      | Found a faded altar of an unknown god.
   906 | D:2      | Reached ** piety under Trog
  1072 | D:2      | Reached XP level 3. HP: 31/31 MP: 3/3
  1089 | D:2      | Identified the +0 robe "Aponir" {Will++ Dex+5}
  1092 | D:2      | Found an ancient bone altar of Kikubaaqudgha.
  1214 | D:2      | Reached skill level 4 in Polearms
  1436 | D:2      | Reached XP level 4. HP: 37/37 MP: 4/4
  2006 | D:3      | Reached XP level 5. HP: 43/43 MP: 5/5
  2099 | D:3      | Reached skill level 5 in Polearms
  2495 | D:3      | Found a shadowy altar of Dithmenos.
  3327 | D:4      | Reached XP level 6. HP: 50/50 MP: 6/6
  3465 | D:4      | Reached skill level 6 in Polearms
  3949 | D:4      | Reached skill level 7 in Polearms
  3969 | D:4      | Gained mutation: You curl defensively after being hit. (AC
                  | +7*) [Palentonga growth]
  3969 | D:4      | Reached XP level 7. HP: 55/55 MP: 7/7
  4315 | D:4      | Reached skill level 1 in Evocations
  4978 | D:4      | Reached skill level 8 in Polearms
  5156 | D:5      | Entered Level 5 of the Dungeon
  5159 | D:5      | Identified a scroll of acquirement
  5160 | D:5      | Acquired a +1 barding of fire resistance
  5196 | D:5      | Reached XP level 8. HP: 62/62 MP: 8/8
  5385 | D:5      | Reached skill level 9 in Polearms
  5399 | D:5      | Reached *** piety under Trog
  5410 | D:5      | Noticed Edmund
  6003 | D:5      | Killed Edmund
  6004 | D:5      | Reached skill level 10 in Polearms
  6392 | D:6      | Reached XP level 9. HP: 67/67 MP: 9/9
  6681 | D:6      | Reached skill level 11 in Polearms
  6967 | D:6      | Reached **** piety under Trog
  6978 | D:6      | Noticed Menkaure
  6996 | D:6      | Killed Menkaure
  7574 | D:6      | Found a glowing silver altar of Zin.
  7575 | D:6      | Noticed an angel
  7635 | D:7      | Reached skill level 12 in Polearms
  7790 | D:7      | Noticed Pikel
  7804 | D:7      | Killed Pikel
  7866 | D:7      | Reached XP level 10. HP: 75/78 MP: 10/10
  7979 | D:7      | Found a staircase to the Ecumenical Temple.
  8137 | D:7      | Reached skill level 5 in Fighting
  8615 | D:8      | Found Icetam's Armour Boutique.
  8678 | D:8      | Noticed Psyche
  8688 | D:8      | Killed Psyche
  8689 | D:8      | Reached skill level 1 in Throwing
  8841 | D:8      | Noticed an orange demon
  8857 | D:8      | Killed an orange demon
  8857 | D:8      | Noticed Amaemon
  8978 | D:8      | Reached skill level 13 in Polearms
  9368 | D:8      | Found a hide-covered altar of Uskayaw.
  9368 | D:8      | Found a white marble altar of Elyvilon.
  9368 | D:8      | Found a blossoming altar of Fedhas.
  9368 | D:8      | Found a shimmering blue altar of Sif Muna.
  9407 | D:8      | Noticed Maggie
  9418 | D:8      | Killed Maggie
  9457 | D:8      | Found an ornate altar of the Wu Jian Council.
  9457 | D:8      | Found an ancient bone altar of Kikubaaqudgha.
  9459 | D:8      | Found an opulent altar of Gozag.
  9480 | D:8      | Killed Amaemon
 10022 | D:9      | Reached skill level 14 in Polearms
 10362 | D:9      | Identified the ring of Syak {rF+ AC+4 Slay+3}
 10378 | D:9      | Reached ***** piety under Trog
 10422 | D:9      | Reached XP level 11. HP: 84/84 MP: 11/11
 10960 | D:10     | Entered Level 10 of the Dungeon
 10998 | D:10     | Reached skill level 15 in Polearms
 11166 | D:10     | Found a staircase to the Lair.
 11892 | D:10     | Noticed a death knight
 12087 | D:9      | HP: 4/132 [death knight/+4 battleaxe (17)]
 12089 | D:9      | Slain by a death knight

Illustrated notes

Levels and vault maps discovered:
D:1:      ebering_hopf_link, layout_basic, shapermc_ecumenical_altar_hornbeckon
D:2:      layout_rooms, basic_altar
D:3:      layout_basic, grunt_dithmenos_smoke
D:4:      old_forge, layout_basic, hangedman_decor_points,
          minmay_misc_feat_more_columns, serial_bayou_pond_d
D:5:      minmay_chambers_of_threes, layout_rooms, uniq_edmund
D:6:      layout_basic, zin_angel, uniq_menkaure
D:7:      layout_loops_ring, minmay_temple_entry_tees, uniq_pikel
D:8:      layout_loops_cross, grunt_temple_overflow_open, serial_shops,
          nicolae_shop_hallway_stairs, minmay_door_square, uniq_maggie,
          uniq_psyche, uniq_amaemon
D:9:      layout_rooms
D:10:     nicolae_cairo_tiling_large, layout_grid_maze, minmay_lair_entry_grove

Skill      XL: |  1  2  3  4  5  6  7  8  9 10 11 |
---------------+----------------------------------+-----
Polearms       | 3 4 5 7 8 10 12 14 15 | 15.2
Armour         | 2 3 |  3.0
Dodging        | 2 3 |  3.0
Evocations     | 1 |  1.0
Fighting       | 4 5 6 |  6.9
Throwing       | 1 |  1.0

Action                   |  1- 3 |  4- 6 |  7- 9 | 10-12 || total
-------------------------+-------+-------+-------+-------++-------
Melee: Spear             |    71 |    18 |       |       ||    89
       Tailslap          |     9 |     9 |    32 |    38 ||    88
       Trident           |       |   149 |    70 |       ||   219
       Halberd           |       |       |   233 |   285 ||   518
Throw: Boomerang         |       |       |       |     5 ||     5
Invok: Berserk           |     2 |     7 |     5 |     3 ||    17
       Trog's Hand       |       |     2 |     1 |     6 ||     9
 Abil: Rolling Charge    |    32 |    14 |    22 |    16 ||    84
Evoke: Wand              |       |     5 |       |     6 ||    11
  Use: Scroll            |     5 |       |     8 |     4 ||    17
       Potion            |       |       |       |     3 ||     3
 Stab: Distracted        |       |     1 |       |       ||     1
Armor: Animal skin       |     2 |       |       |       ||     2
       Ring mail         |    17 |    46 |   126 |    37 ||   226
       Acid dragon scale |       |       |       |    72 ||    72
Dodge: Dodged            |    19 |    64 |    66 |    68 ||   217

Table legend: (Time is in decaauts)
 A = Elapsed time spent in this place.
 B = Non-inter-level travel time spent in this place.
 C = Inter-level travel time spent in this place.
 D = Time resting spent in this place.
 E = Time spent auto-exploring this place.
 F = Levels seen in this place.
 G = Mean time per level.
                   A        B        C        D        E       F      G
               +--------+--------+--------+--------+--------+-----+--------+
         Total |  12182 |  11833 |    349 |   1101 |   8206 |  10 | 1218.2 |
       Dungeon |  12182 |  11833 |    349 |   1101 |   8206 |  10 | 1218.2 |
               +--------+--------+--------+--------+--------+-----+--------+

Top non-repeatable levels by time:
     D:4: 2285 daAuts
     D:3: 1628 daAuts
     D:6: 1322 daAuts
     D:8: 1269 daAuts
     D:9: 1149 daAuts
     D:7: 1092 daAuts
    D:10: 953 daAuts
     D:1: 927 daAuts
     D:2: 792 daAuts
     D:5: 761 daAuts
